 Dungeon Crawl Stone Soup version 0.22-a0-553-g9358b0b (webtiles) character file.

13 Amnesiac the Shield-Bearer (level 2, 0/16 HPs)
             Began as a Vine Stalker Fighter on June 25, 2018.
             Slain by a worker ant (2 damage)
             ... on level 4 of the Dungeon.
             The game lasted 00:01:02 (177 turns).

Amnesiac the Shield-Bearer (Vine Stalker Fighter)    Turns: 177, Time: 00:01:03

Health: 0/16       AC:  6    Str: 18    XL:     2   Next: 37%
Magic:  0/3        EV:  7    Int:  8    God:
Gold:   12         SH:  9    Dex: 13    Spells: 1/1 levels left

rFire    . . .     SeeInvis .   a - +0 rapier
rCold    . . .     Gourm    .   c - +0 shield
rNeg     . . .     Faith    .   b - +0 scale mail
rPois    .         Spirit   +   (no helmet)
rElec    .         Reflect  .   (no cloak)
rCorr    .         Harm     .   (no gloves)
MR       .....                  (no boots)
Stlth    ..........             (no amulet)
HPRegen  0.05/turn              (no ring)
MPRegen  0.08/turn              (no ring)

@: lethally poisoned (0 -> -6)
A: fangs 2, magic shield, antimagic bite, no potion heal 3, rot immunity
a: no special abilities


You were on level 4 of the Dungeon.
You were not hungry.

You visited 1 branch of the dungeon, and saw 4 of its levels.

You collected 12 gold pieces.

Inventory:

Hand Weapons
 a - a +0 rapier (weapon)
Armour
 b - a +0 scale mail (worn)
 c - a +0 shield (worn)
Scrolls
 e - a scroll of fear {!r, unknown}
Potions
 d - a potion of might {!q}
Comestibles
 f - 2 rations
 g - 8 chunks of flesh


   Skills:
 - Level 2.6 Fighting
 * Level 2.4 Short Blades
 - Level 2.4 Armour
 + Level 0.6 Dodging
 - Level 2.6 Shields


You had one spell level left.
You didn't know any spells.
Your spell library was empty.

Dungeon Overview and Level Annotations

Branches:
Dungeon (4/15)
 Temple: D:4-7

Altars:
Fedhas


Innate Abilities, Weirdness & Mutations

You have extremely sharp teeth.
When hurt, damage is shared between your health and your magic reserves.
Your bite disrupts and absorbs the magic of your enemies.
Potions cannot restore your health.
You are immune to rotting.


Message History

The orc is heavily wounded.
The orc hits you but does no damage.
You barely miss the orc.
The orc is heavily wounded.
You block the orc's attack. The orc hits you.
Your shield and scale mail prevent you from hitting the orc.
You bite the orc, but do no damage.
The orc is heavily wounded.
The orc barely misses you.
You hit the orc.
You kill the orc!
Things that are here:
a chain mail; an orc corpse You butcher the orc corpse.
g - 8 chunks of flesh (gained 3)
You see here a chain mail. x2
A worker ant comes into view.
A worker ant is nearby!
A worker ant is nearby!
A worker ant is nearby!
The worker ant bites you but does no damage.
You block the worker ant's attack.
You hit the worker ant but do no damage.
The worker ant bites you.
You closely miss the worker ant.
You bite the worker ant, but do no damage.
You hear the slow hiss of a distant avalanche of sand.
The worker ant closely misses you.
You hit the worker ant.
The worker ant is moderately wounded.
You block the worker ant's attack. The worker ant bites you.
* * * LOW HITPOINT WARNING * * *
You are lethally poisoned!
The worker ant poisons you!
You hit the worker ant but do no damage.
You bite the worker ant. You drain its power.
You feel invigorated.
The worker ant is moderately wounded.
* * * LOW HITPOINT WARNING * * *
You feel sick. The worker ant bites you.
* * * LOW HITPOINT WARNING * * *
You closely miss the worker ant.
The worker ant is moderately wounded.
* * * LOW HITPOINT WARNING * * *
You feel sick. The worker ant barely misses you.
The worker ant bites you but does no damage.
You are too injured to fight recklessly!
You are too injured to fight recklessly!
You are too injured to fight recklessly!
You hit the worker ant but do no damage.
You bite the worker ant, but do no damage.
The worker ant is moderately wounded.
The worker ant barely misses you.
Your shield and scale mail prevent you from hitting the worker ant.
You bite the worker ant. You drain its power.
You feel invigorated.
The worker ant is heavily wounded.
* * * LOW HITPOINT WARNING * * *
You feel sick. The worker ant barely misses you.
You hit the worker ant.
You bite the worker ant, but do no damage.
The worker ant is almost dead.
The worker ant bites you.
* * * LOW HITPOINT WARNING * * *
The worker ant bites you.
You die...

#####
##...#
....# ...
#a#
########@##
..........#
########..#
#..# #..#
#..#
#..#######
#.........
#.########


You could see a worker ant.

Vanquished Creatures
  A leopard gecko (D:1)
  2 orcs
  A goblin (D:3)
  A hobgoblin (D:3)
  2 bats
  A frilled lizard (D:3)
  3 kobolds
11 creatures vanquished.

Notes
Turn   | Place    | Note
-------+----------+-------------------------------------------
     0 | D:1      | Amnesiac the Vine Stalker Fighter began the quest for the Orb.
     0 | D:1      | Reached XP level 1. HP: 11/11 MP: 2/2
    51 | D:3      | Found a blossoming altar of Fedhas.
    59 | D:3      | Reached XP level 2. HP: 14/16 MP: 3/3
   177 | D:4      | Slain by a worker ant

Vault maps used:
D:1:      ncdulo_lavacross
D:3:      lemuel_doored_altar, first_ration
D:4:      lightli_ossuary_entry_decrepit_ruins, lemuel_angel_altar

Skill      XL: |  1 |
---------------+----+-----
Short Blades   | 2 |  2.4
Fighting       | |  2.6
Armour         | |  2.4
Dodging        | |  0.6
Shields        | |  2.6

Action                   || total
-------------------------++-------
Melee: Rapier            ||    49
       Bite              ||    12
Armor: Scale mail        ||    15
Dodge: Dodged            ||     9
Block: Shield            ||    21

Table legend:
 A = Spawn XP
 B = Non-spawn XP
 C = Spawn XP percentage of total XP
 D = Spawn monster count
 E = Non-spawn monster count
 F = Spawn count percentage of total count
 G = Total turns spent on level
                    A         B        C        D         E        F      G
               +---------+---------+-------+---------+---------+-------+---------
         Total |       0 |      19 |   0.0 |       0 |      11 |   0.0 |   177
               +---------+---------+-------+---------+---------+-------+---------
           D:1 |       0 |       5 |   0.0 |       0 |       3 |   0.0 |    39
           D:2 |       0 |       1 |   0.0 |       0 |       1 |   0.0 |    12
           D:3 |       0 |      10 |   0.0 |       0 |       6 |   0.0 |    73
           D:4 |       0 |       3 |   0.0 |       0 |       1 |   0.0 |    53
               +---------+---------+-------+---------+---------+-------+---------
